AoeStats
← miguelon01

Black Forest

506968340Analyzed
4v4 RM · 16d ago on Sep 16, 2026· 52m 13s· 8 players
Game mode
Random Map
Map size
Large (8 player)
Population
200
Speed
Normal
Resources
Standard
Victory
Conquest
Starting age
Dark Age
Ending age
Imperial Age
RankedLock teamsTeams togetherTeam positionsShared explorationLock speedFull tech treeHidden civsTurbo modeCheats
Victory
Defeat
🇧🇷 Mongols · Brazil
1363
+10
🇧🇷 Bulgarians · Brazil
1335
+11
1312
+12
🇧🇷 Cumans · Brazil
1005
+23
🇲🇽 Britons · Mexico
1257
-16
🇨🇴 Bohemians · Colombia
1223
-15
🇧🇷 Gurjaras · Brazil
1185
-13
🇮🇹 Romans · Italy
1161
-12
Eduardo
0:30 Loom
12:20 Feudal Age
16:27 Castle Age
14:20 Double-Bit Axe
15:02 Horse Collar
17:51 Wheelbarrow
22:07 Town Watch
25:44 Heavy Plow
29:28 Imperial Age
27:07 Fletching
27:18 Padded Archer Armor
28:04 Bodkin Arrow
28:45 Leather Archer Armor
28:12 Crossbowman
29:52 Heated Shot
31:18 Chemistry
31:14 Arbalester
32:51 Ring Archer Armor
33:55 Bracer
34:17 Hand Cart
35:51 Yeomen
36:19 Forging
36:09 Scale Mail Armor
36:14 Scale Barding Armor
35:35 Elite Skirmisher
36:35 Bow Saw
37:09 Town Patrol
40:54 Iron Casting
40:35 Chain Mail Armor
40:40 Chain Barding Armor
43:29 Hoardings
44:25 Husbandry
43:46 Light Cavalry
46:19 Cavalier
miguelon01
0:26 Loom
14:20 Feudal Age
27:16 Double-Bit Axe
33:58 Castle Age
33:11 Stone Mining
35:17 Wheelbarrow
42:52 Horse Collar
44:10 Bow Saw
44:02 Heavy Plow
44:57 Fortified Wall
44:48 Murder Holes
48:30 Imperial Age
46:12 Scale Mail Armor
46:42 Forging
46:20 Arson
46:53 Gold Mining
47:29 Masonry
47:52 Scale Barding Armor
49:03 Chain Barding Armor
48:55 Bloodlines
49:40 Fletching
Andresfcc
11:00 Feudal Age
13:07 Loom
15:47 Castle Age
14:00 Double-Bit Axe
14:03 Horse Collar
16:58 Bow Saw
21:40 Heavy Plow
24:56 Town Watch
25:49 Wheelbarrow
31:05 Imperial Age
30:47 Chemistry
29:52 Scale Mail Armor
30:02 Forging
30:40 Hand Cart
30:28 Town Patrol
31:07 Chain Mail Armor
32:09 Conscription
32:08 Siege Engineers
31:35 Houfnice
33:06 Iron Casting
33:58 Plate Mail Armor
33:34 Squires
32:55 Pikeman
34:14 Wagenburg Tactics
35:19 Two-Man Saw
33:55 Halberdier
36:20 Blast Furnace
Tikka Masala
10:47 Feudal Age
15:59 Castle Age
14:33 Scale Mail Armor
14:26 Man-at-Arms
18:15 Loom
18:38 Double-Bit Axe
19:02 Long Swordsman
20:08 Squires
23:33 Forging
29:17 Bloodlines
30:43 Gold Mining
31:13 Scale Barding Armor
32:01 Wheelbarrow
33:00 Husbandry
34:42 Hand Cart
34:48 Light Cavalry
38:48 Imperial Age
39:45 Imperial Age
37:30 Town Watch
38:02 Bow Saw
39:55 Town Patrol
40:27 Chain Barding Armor
40:29 Ballistics
40:16 Heavy Scorpion
40:42 Onager
45:27 Chemistry
44:33 Siege Engineers
Krizao
0:26 Loom
11:04 Feudal Age
18:22 Double-Bit Axe
21:17 Horse Collar
25:50 Castle Age
25:16 Wheelbarrow
27:35 Heavy Plow
29:30 Hand Cart
32:03 Imperial Age
30:11 Bloodlines
30:08 Scale Barding Armor
32:37 Cavalier
34:00 Town Watch
35:21 Forging
35:27 Gold Mining
36:38 Chain Barding Armor
37:05 Town Patrol
39:20 Bow Saw
38:50 Paladin
39:06 Capped Ram
41:06 Plate Barding Armor
41:34 Gold Shaft Mining
41:41 Ballistics
42:11 Iron Casting
42:51 Onager
44:57 Siege Ram
47:22 Blast Furnace
47:41 Scale Mail Armor
47:32 Fletching
47:42 Padded Archer Armor
49:23 Chain Mail Armor
49:03 Bodkin Arrow
49:24 Leather Archer Armor
49:13 Caravan
49:21 Siege Onager
K-riok FAZZZZ ALDEAOOO
0:29 Loom
12:09 Feudal Age
17:31 Castle Age
16:17 Wheelbarrow
21:05 Double-Bit Axe
23:01 Horse Collar
25:03 Gold Mining
25:20 Heavy Plow
26:09 Bow Saw
32:21 Imperial Age
30:47 Fletching
30:58 Padded Archer Armor
31:09 Forging
30:59 Scale Mail Armor
31:40 Royal Heirs
32:01 Hand Cart
32:57 Gold Shaft Mining
32:00 Crossbowman
33:03 Husbandry
33:38 Ballistics
34:20 Chemistry
33:18 Murder Holes
33:58 Thumb Ring
33:30 Capped Ram
33:40 Elite Skirmisher
35:14 Bodkin Arrow
35:35 Leather Archer Armor
39:46 Bracer
40:17 Ring Archer Armor
50:43 Ballistics
51:27 Onager
xand3
6:39 Loom
10:26 Feudal Age
14:49 Castle Age
13:34 Double-Bit Axe
13:30 Horse Collar
15:48 Bow Saw
24:25 Wheelbarrow
28:52 Imperial Age
26:33 Fletching
26:43 Padded Archer Armor
27:29 Hand Cart
27:11 Bodkin Arrow
28:09 Bloodlines
28:00 Husbandry
28:52 Leather Archer Armor
28:52 Stone Mining
28:57 Gold Mining
29:38 Bracer
30:40 Chemistry
31:26 Conscription
32:10 Gold Shaft Mining
32:10 Stone Shaft Mining
31:38 Elite Mangudai
33:21 Ballistics
34:48 Capped Ram
36:31 Siege Ram
39:28 Siege Ram
41:58 Light Cavalry
42:44 Scale Barding Armor
42:50 Forging
45:04 Parthian Tactics
44:45 Thumb Ring
45:29 Chain Barding Armor
45:45 Iron Casting
45:39 Drill
48:49 Hussar
Edu
0:39 Loom
11:12 Feudal Age
12:42 Double-Bit Axe
14:02 Forging
13:53 Scale Mail Armor
15:29 Horse Collar
22:27 Castle Age
22:12 Gold Mining
22:29 Pikeman
23:28 Chain Mail Armor
23:30 Gambesons
24:00 Squires
24:18 Gambesons
30:11 Bow Saw
31:58 Wheelbarrow
32:35 Stone Mining
33:22 Gold Shaft Mining
34:14 Hand Cart
37:27 Imperial Age
35:40 Iron Casting
34:57 Town Watch
35:38 Scale Barding Armor
37:38 Chain Barding Armor
37:41 Heavy Plow
39:52 Plate Barding Armor
39:27 Elite Konnik
42:50 Blast Furnace
43:02 Plate Mail Armor
43:29 Crop Rotation
44:09 Conscription
45:10 Coinage
44:30 Capped Ram
46:12 Chemistry
45:22 Fletching
45:29 Siege Ram
46:53 Stirrups
47:57 Bodkin Arrow
48:43 Stone Shaft Mining
50:00 Husbandry
50:10 Bloodlines
51:26 Town Patrol
52:15 Bracer
Connection lost

Rejoining the realm…

Still unreachable

The connection could not be restored.

Session expired

The server has moved on; the page needs a fresh start.